 Dungeon Crawl Stone Soup version 0.26.1-2-gb8aa6d0cf2 (webtiles) character file.

Game seed: 16452017001050298313

25804 jmmainvi the Unseen (level 12, -7/60 HPs)
             Began as a Spriggan Enchanter on Feb 13, 2021.
             Was an Initiate of Gozag.
             Killed from afar by a swamp worm (18 damage)
             ... with a harpoon shot
             ... on level 3 of the Lair of Beasts.
             The game lasted 01:27:52 (27307 turns).

jmmainvi the Unseen (Spriggan Enchanter)           Turns: 27307, Time: 01:27:53

Health: -7/60      AC:  2    Str:  6    XL:     12   Next: 92%
Magic:  16/17      EV: 26    Int: 18    God:    Gozag
Gold:   3401       SH:  0    Dex: 18    Spells: 7/16 levels left

rFire    . . .     SeeInvis +   J - +4 dagger (drain)
rCold    . . .     Faith    .   (shield restricted)
rNeg     . . .     Spirit   .   b - +0 robe
rPois    +         Reflect  .   v - +0 hat
rElec    .         Harm     .   f - scarf {shadows}
rCorr    +         Rampage  .   (gloves unavailable)
Will     ++...                  (boots unavailable)
Stlth    +++++++...             n - amulet of magic regeneration
HPRegen  0.20/turn              m - ring of resist corrosion
MPRegen  0.40/turn              G - ring "Soeque" {+Inv rPois}

@: very quick
A: very small, unfitting armour, see invisible, speed 3
a: Renounce Religion, Evoke Invisibility, Potion Petition, Call Merchant, Bribe
Branch


You were on level 3 of the Lair of Beasts.
You worshipped Gozag.
Gozag was most pleased with you.
You visited 3 branches of the dungeon, and saw 17 of its levels.
You also visited: Sewer.

You collected 3845 gold pieces.
You spent 330 gold pieces at shops.
You paid 114 gold pieces to Gozag.

Inventory:

Hand Weapons
 a - a +0 lajatang
 t - the +3 falchion "Zamih" {holy, +Inv rC++ Str+3 Dex-4, unknown}
   (You found it on level 3 of the Lair of Beasts)

   It has been blessed by the Shining One to cause great damage to the undead
   and demons.
   It affects your strength (+3).
   It affects your dexterity (-4).
   It greatly protects you from cold.
   It lets you turn invisible.
 J - a +4 dagger of draining (weapon)
 K - a +4 short sword of protection
 U - the +7 spear of Biurchuu {vorpal, *Contam +Fly rF+}
   (You found it on level 10 of the Dungeon)

   It inflicts extra damage upon your enemies.
   It protects you from fire.
   It lets you fly.
   It causes magical contamination when unequipped.
Missiles
 s - 2 boomerangs of dispersal
 B - 42 sling bullets
 E - 109 bolts
 T - 19 curare-tipped darts
Armour
 b - a +0 robe (worn)
 f - a scarf of shadows (worn)
 v - a +0 hat (worn)
Jewellery
 m - a ring of resist corrosion (left hand)
 n - an amulet of magic regeneration (around neck)
 z - a cursed amulet of inaccuracy {unknown}
 D - an uncursed amulet of regeneration {unknown}
 G - the ring "Soeque" (right hand) {+Inv rPois}
   (You found it on level 7 of the Dungeon)

   [ring of poison resistance]

   It protects you from poison.
   It lets you turn invisible.
 Z - an uncursed ring of magical power {unknown}
Wands
 k - a wand of iceblast (3)
 F - a wand of flame (23)
 S - a wand of polymorph (31)
 V - a wand of digging (6)
Scrolls
 c - 7 scrolls of teleportation
 d - a scroll of fear
 e - 5 scrolls of remove curse
 h - 3 scrolls of fog
 i - 5 scrolls of blinking
 r - a scroll of silence {unknown}
 u - 4 scrolls of magic mapping
 y - a scroll of amnesia
 C - 3 scrolls of enchant armour {unknown}
 H - 2 scrolls of noise {unknown}
 R - a scroll of holy word
Potions
 g - 3 potions of lignification
 j - 3 potions of ambrosia
 l - a potion of might
 o - 8 potions of heal wounds
 p - 16 potions of curing
 q - 3 potions of brilliance
 x - a potion of cancellation
 A - a potion of mutation
 I - 3 potions of invisibility
 P - 4 potions of flight
 Q - 2 potions of magic
 Y - 2 potions of haste {unknown}
Miscellaneous
 L - a box of beasts
 M - a phantom mirror
 N - a phial of floods


   Skills:
 + Level 5.5 Fighting
 - Level 1.1 Short Blades
 - Level 10.0 Dodging
 + Level 17.4 Stealth
 - Level 2.6 Spellcasting
 * Level 14.4 Hexes
 - Level 4.0 Summonings
 - Level 4.0 Ice Magic
 - Level 10.0 Evocations


You had 7 spell levels left.
You knew the following spells:

 Your Spells              Type           Power        Failure   Level
b - Ensorcelled Hibernat  Hex/Ice        34%          1%          2
c - Call Imp              Summ           8%           4%          2
d - Tukima's Dance        Hex            27%          1%          3
z - Blink                 Tloc           N/A          26%         2

Your spell library contained the following spells:

 Spells                   Type           Power        Failure   Level
 Corona                   Hex            30%          1%          1
 Slow                     Hex            27%          1%          2
 Confusing Touch          Hex            27%          1%          3
 Dazzling Flash           Conj/Hex       28%          2%          3
 Fulminant Prism          Conj/Hex       7%           9%          4
 Magic Dart               Conj           4%           17%         1
 Sting                    Tmut/Pois      4%           17%         1
 Poisonous Vapours        Pois/Air       2%           26%         2
 Searing Ray              Conj           2%           26%         2
 Conjure Flame            Conj/Fire      1%           45%         3
 Ignite Poison            Fire/Tmut/Pois 1%           45%         3
 Mephitic Cloud           Conj/Pois/Air  1%           45%         3
 Iskenderun's Mystic Bla  Conj/Tloc      1%           86%         4
 Olgreb's Toxic Radiance  Pois           1%           86%         4


Dungeon Overview and Level Annotations

Branches:
Dungeon (13/15)            Temple (1/1) D:6            Lair (3/6) D:11
    Orc (0/2) D:12          Sewer (visited)
  Swamp: Lair:2-4    Shoals: Lair:2-4     Snake: Lair:2-4    Spider: Lair:2-4
 Vaults: D:13-14

Altars:
Cheibriados
Fedhas
Gozag
Makhleb
Nemelex Xobeh
Okawaru
Qazlal
Ru
Sif Muna
Vehumet
Wu Jian
Xom
Zin
The Shining One

Shops:
D:7 }   D:9 ?

Annotations:
D:7 2 runed translucent doors


Innate Abilities, Weirdness & Mutations

You are very small and have problems with some larger weapons.
You are too small for most types of armour.
You have supernaturally acute eyesight. (SInv)
You cover ground extremely quickly.


Message History

The eight-headed hydra completely misses you.
The eight-headed hydra barely misses you.
The eight-headed hydra bites you! The eight-headed hydra bites you.
The swamp worm fires a harpoon shot at you.
The harpoon shot misses you.
You now have 3401 gold pieces (gained 7).
The eight-headed hydra misses you. The eight-headed hydra bites you! x2
The eight-headed hydra completely misses you.
The eight-headed hydra closely misses you.
The eight-headed hydra bites you.
The eight-headed hydra completely misses you.
The eight-headed hydra bites you!
* * * LOW HITPOINT WARNING * * *
Casting: Ensorcelled Hibernation (safe; 1% risk of failure)
Confirm with . or Enter, or press ? or * to list all spells.
You feel a numb sensation.
You blink.
The swamp worm fires a harpoon shot at you.
The harpoon shot hits you!!
You die...
Your body crumbles into a pile of gold.

≈##≈.......P#.##.................
≈≈≈≈..........##.#...#.P.....>...
............#.####P..P.#.......#P
.###.##.##.##.#........##....#..P
## ######..##.##.......##...##..P
##..#.##.......##...##.≈≈
#.....#........#.#.##.#≈
###...................#≈
#....@......P#........
#..............#.#....
#........D..#.#....... ### ###
##...........###..#...
..######.####..♣♣♣♣♣♣♣w.♣♣#.#....
..........##...♣≈≈≈≈≈≈...♣♣..##..
.....##....##..♣≈≈≈≈w≈≈≈♣♣...#.#.
..............♣♣≈≈≈≈≈≈≈♣♣........
...............♣♣≈≈≈≈...♣♣.......


You could see an eight-headed hydra and a swamp worm.

Vanquished Creatures
  Erolcha (D:9)
  A boulder beetle (D:11)
  A two-headed ogre (D:9)
  Sonja (D:10)
  3 cyclopes
  3 black mambas
  5 elephants
  8 cane toads
  A kobold demonologist (D:12)
  A centaur skeleton (D:10)
  A rime drake (Lair:1)
  6 komodo dragons
  2 meliai (D:12)
  A hornet (D:9)
  A troll (D:10)
  3 blink frogs (Lair:3)
  Prince Ribbit (D:9)
  6 slime creatures
  A shadow (D:10)
  12 yaks
  2 wyverns
  3 basilisks
  Grum (D:9)
  A swamp worm (Lair:3)
  2 wargs (D:11)
  8 water moccasins
  2 black bears (D:9)
  9 orc warriors
  An eye of draining (D:7)
  4 sky beasts
  An ice beast (D:9)
  2 phantoms
  3 ogres
  9 wolves
  2 centaurs
  3 big kobolds
  A wyvern zombie (D:10)
  15 bullfrogs
  A gnoll sergeant (D:10)
  4 scorpions
  16 killer bees
  7 wights
  3 howler monkeys
  2 electric eels
  3 centaur zombies
  2 bullfrog zombies
  5 hounds
  7 orc priests
  16 orc wizards
  6 jellies
  An iguana (D:5)
  11 worker ants
  A killer bee zombie (D:7)
  A hound zombie (D:10)
  A howler monkey zombie (D:7)
  Robin (D:4)
  10 gnolls
  18 adders
  8 river rats
  A shadow imp (D:8)
  A white imp (D:9)
  2 adder skeletons (D:7)
  2 adder zombies
  7 worms
  A dart slug (D:1)
  5 leopard geckos
  39 orcs
  4 giant cockroaches
  8 hobgoblins
  6 jackals
  5 quokkas
  5 ball pythons
  8 bats
  6 frilled lizards
  21 goblins
  A jackal skeleton (D:6)
  27 kobolds
  2 quokka skeletons
  23 rats
426 creatures vanquished.

Vanquished Creatures (collateral kills)
  A two-headed ogre (D:12)
  A centaur zombie (D:12)
  An ice beast (D:7)
  A phantom (D:10)
  A water moccasin skeleton (D:8)
  7 wights
  An orc wizard (D:8)
  An ufetubus (D:9)
  An orc (D:12)
15 creatures vanquished.

Vanquished Creatures (others)
  6 dancing weapons
  9 fungi
  7 plants
22 creatures vanquished.

Grand Total: 463 creatures vanquished

Notes
Turn   | Place    | Note
-------+----------+-------------------------------------------
     0 | D:1      | jmmainvi the Spriggan Enchanter began the quest for the
                  | Orb.
     0 | D:1      | Reached XP level 1. HP: 9/9 MP: 5/5
   112 | D:1      | Reached skill level 5 in Stealth
   128 | D:1      | Reached XP level 2. HP: 3/13 MP: 3/6
   136 | D:1      | Learned a level 2 spell: Ensorcelled Hibernation
   417 | D:3      | Found a stormy altar of Qazlal.
   543 | D:3      | Reached XP level 3. HP: 16/16 MP: 0/8
   673 | D:3      | Reached skill level 6 in Stealth
  1031 | D:3      | Reached skill level 1 in Ice Magic
  1052 | D:3      | Reached XP level 4. HP: 21/21 MP: 4/9
  1652 | D:5      | Entered Level 5 of the Dungeon
  1892 | D:5      | Reached skill level 7 in Stealth
  1929 | D:5      | Reached XP level 5. HP: 24/24 MP: 7/10
  1934 | D:5      | Noticed an ice beast
  2246 | D:5      | Reached skill level 5 in Hexes
  2331 | D:6      | Learned a level 2 spell: Call Imp
  2345 | D:6      | Reached skill level 8 in Stealth
  2464 | D:6      | Found a staircase to the Ecumenical Temple.
  2472 | Temple   | Entered the Ecumenical Temple
  2512 | Temple   | Became a worshipper of Gozag Ym Sagoz the Greedy
  2542 | D:6      | Noticed a sky beast
  2548 | D:6      | Killed a sky beast
  2549 | D:6      | Reached XP level 6. HP: 28/28 MP: 6/11
  2806 | D:6      | Found a glowing drain.
  2815 | Sewer    | Entered a sewer
  2975 | Sewer    | Reached skill level 9 in Stealth
  3568 | Sewer    | Reached XP level 7. HP: 32/32 MP: 12/12
  4115 | D:6      | Found a sacrificial altar of Ru.
  5447 | D:3      | Reached skill level 10 in Stealth
  5777 | D:4      | Noticed Robin
  6174 | D:4      | Killed Robin
  6765 | D:5      | Reached XP level 8. HP: 36/36 MP: 13/13
  7624 | D:6      | Reached skill level 11 in Stealth
  7636 | D:6      | Found a glowing golden altar of the Shining One.
  7838 | D:6      | Found a sacrificial altar of Ru.
  7897 | D:6      | Found a staircase to the Ecumenical Temple.
  8509 | D:6      | Found a glowing golden altar of the Shining One.
  8643 | D:7      | Got a transparent hand axe
  8654 | D:7      | Identified the cursed +1 hand axe "Ziumaa" {freeze, rElec
                  | rC- Dex+6 SInv} (You found it on level 7 of the Dungeon)
  8726 | D:7      | Found Baqesm's Gadget Shoppe.
  8843 | D:7      | Reached skill level 1 in Summonings
  9251 | D:7      | Learned a level 3 spell: Tukima's Dance
  9353 | D:7      | Reached skill level 12 in Stealth
  9383 | D:7      | Found a runed translucent door.
  9384 | D:7      | Found a runed translucent door.
  9774 | D:7      | Reached XP level 9. HP: 39/39 MP: 14/14
 10710 | D:7      | Got a wavering lead ring
 11083 | D:8      | Found a sacrificial altar of Ru.
 11130 | D:8      | Found a sparkling altar of Nemelex Xobeh.
 11586 | D:8      | Found a glowing golden altar of the Shining One.
 12076 | D:7      | Reached skill level 13 in Stealth
 13032 | D:8      | Reached skill level 5 in Dodging
 13149 | D:8      | Found a sacrificial altar of Ru.
 13498 | D:9      | Found Viothank's Magic Scroll Boutique.
 13503 | D:9      | Found a shimmering altar of Xom.
 13503 | D:9      | Found a snail-covered altar of Cheibriados.
 13505 | D:9      | Bought a scroll of magic mapping for 45 gold pieces
 13505 | D:9      | Bought a scroll of identify for 26 gold pieces
 13505 | D:9      | Bought a scroll of blinking for 97 gold pieces
 13505 | D:9      | Bought a scroll of holy word for 97 gold pieces
 13505 | D:9      | Bought a scroll of teleportation for 39 gold pieces
 13505 | D:9      | Bought a scroll of identify for 26 gold pieces
 13505 | D:9      | Identified the ring "Soeque" {+Inv rPois} (You found it on
                  | level 7 of the Dungeon)
 13635 | D:9      | Found a blossoming altar of Fedhas.
 13635 | D:9      | Found a radiant altar of Vehumet.
 13828 | D:9      | Reached skill level 10 in Hexes
 13963 | D:9      | Reached XP level 10. HP: 40/44 MP: 13/15
 14007 | D:9      | Noticed a two-headed ogre
 14092 | D:9      | Killed a two-headed ogre
 14198 | D:9      | Noticed Grum
 14231 | D:9      | Reached skill level 14 in Stealth
 14243 | D:9      | Noticed Prince Ribbit
 14798 | D:9      | Found a shimmering blue altar of Sif Muna.
 14821 | D:9      | Reached skill level 1 in Evocations
 15120 | D:9      | Noticed Erolcha
 15125 | D:9      | Killed Erolcha
 15139 | D:9      | Killed Grum
 15622 | D:10     | Entered Level 10 of the Dungeon
 15720 | D:9      | Killed Prince Ribbit
 16598 | D:10     | Reached skill level 5 in Evocations
 16657 | D:10     | Noticed Sonja
 16957 | D:10     | Noticed a cyclops
 17021 | D:10     | Killed a cyclops
 17046 | D:10     | Got a pitted spear
 17047 | D:10     | Identified the +7 spear of Biurchuu {vorpal, *Contam +Fly
                  | rF+} (You found it on level 10 of the Dungeon)
 17454 | D:11     | Reached XP level 11. HP: 47/47 MP: 10/16
 17616 | D:11     | Noticed a boulder beetle
 17648 | D:11     | Killed a boulder beetle
 17649 | D:11     | Reached skill level 10 in Dodging
 17748 | D:11     | Found a staircase to the Lair.
 18173 | D:10     | Killed Sonja
 18174 | D:10     | Reached skill level 15 in Stealth
 18728 | D:11     | Reached skill level 1 in Fighting
 19282 | Lair:1   | Entered Level 1 of the Lair of Beasts
 20938 | D:11     | Reached skill level 16 in Stealth
 21043 | D:11     | Learned a level 2 spell: Blink
 21184 | D:11     | Found a staircase to the Lair.
 22503 | D:12     | Reached XP level 12. HP: 31/57 MP: 9/17
 23017 | D:12     | Noticed a two-headed ogre
 23284 | D:12     | Killed a two-headed ogre
 23364 | D:12     | Noticed a six-headed hydra
 23477 | D:12     | Found a staircase to the Orcish Mines.
 24497 | D:13     | Noticed a vault guard
 24497 | D:13     | Noticed a vault guard
 24497 | D:13     | Noticed a vault guard
 24864 | Lair:2   | Reached skill level 10 in Evocations
 26182 | Lair:3   | Reached skill level 17 in Stealth
 26183 | Lair:3   | Reached skill level 5 in Fighting
 27222 | Lair:3   | Noticed an eight-headed hydra
 27253 | Lair:3   | Got a smoking falchion
 27307 | Lair:3   | Killed from afar by a swamp worm

Illustrated notes

Levels and vault maps discovered:
D:1:      dpeg_arrival_rooms_b, layout_rooms
D:2:      layout_rooms, minmay_misc_feat_pillars, minmay_split_cup_small
D:3:      layout_rooms, grunt_qazlal_clouds
D:4:      layout_gridville, uniq_robin
D:5:      minmay_skewed_foursquare, layout_basic
D:6:      layout_basic, lemuel_crystal_altar, minmay_temple_entry_ruins,
          gup_sewer_entry_bubbles, small_statue_intersection,
          kennysheep_flooded_box
D:7:      minmay_the_grid_four_pointed_star
          [minmay_the_grid_triangle_9x9_zippers_vertical,
          minmay_the_grid_triangle_9x9_tough_junction,
          minmay_the_grid_triangle_9x9_corruption,
          minmay_the_grid_triangle_9x9_negative_grid,
          minmay_the_grid_prize_shrinking_boxes], layout_cave_pods,
          serial_shops, shop_statue, chequers_mini_garden
D:8:      layout_rooms, overflow_temple_1_default, lemuel_round_altar,
          basic_altar, chequers_serial_rivers_micro_d, st_stairs_2,
          nicolae_ru_sacrificial_ziggurat
D:9:      layout_irregular_city, lemuel_crystal_altar,
          chequers_temple_overflow_statue_of_worship, serial_shops,
          nicolae_shop_statue_plus, uniq_erolcha, uniq_prince_ribbit1, uniq_grum
D:10:     layout_long_grid, st_stairs_3, uniq_sonja
D:11:     layout_cross, erik_lair_orcish_takeover, small_statue_intersection,
          grunt_decor_one_mirror
D:12:     layout_layer_cave, erik_orc_2
D:13:     layout_small_grid, erik_vaults_2
Temple:   nicolae_temple_figure_eight
Lair:1:   layout_hall_layers, beast_lair_carwin_3, grunt_megastairs_4
Lair:2:   layout_long_grid, serial_bayou_pond_e, st_stairs_5, grunt_megastairs_1
Lair:3:   layout_gridlike, palyth_hydra_swamp_entry, st_stairs_13,
          beast_lair_carwin_9

Skill      XL: |  1  2  3  4  5  6  7  8  9 10 11 12 |
---------------+-------------------------------------+-----
Stealth        | 5 6 7 8 9 10 12 13 14 16 17 | 17.4
Hexes          | 4 5 7 8 10 11 12 14 | 14.4
Ice Magic      | 1 2 3 4 |  4.0
Summonings     | 2 4 |  4.0
Dodging        | 6 9 10 | 10.0
Evocations     | 5 9 10 | 10.0
Fighting       | 3 5 |  5.5
Short Blades   | |  1.1
Spellcasting   | |  2.6

Action                   |  1- 3 |  4- 6 |  7- 9 | 10-12 || total
-------------------------+-------+-------+-------+-------++-------
Melee: Dagger            |    51 |   120 |   333 |   203 ||   707
       Short sword       |       |       |    18 |   208 ||   226
Throw: Boomerang         |       |     1 |       |     1 ||     2
 Cast: Corona            |     4 |       |       |       ||     4
       Ensorcelled Hiber |    16 |    44 |   174 |   269 ||   503
       Call Imp          |       |       |    35 |    30 ||    65
       Tukima's Dance    |       |       |     7 |    19 ||    26
       Blink             |       |       |       |     1 ||     1
 Abil: Evoke Invisibilit |       |       |       |     2 ||     2
Evoke: Wand              |       |       |       |     7 ||     7
  Use: Scroll            |       |    10 |     9 |    15 ||    34
       Potion            |       |       |     1 |     1 ||     2
 Stab: Sleeping          |    14 |    50 |   130 |   161 ||   355
       Distracted        |       |     1 |     6 |     5 ||    12
       Invisible         |       |       |       |     2 ||     2
Armor: Robe              |     8 |     7 |    27 |    37 ||    79
Dodge: Dodged            |    47 |   115 |   350 |   502 ||  1014
